[Event "Titled Tuesday Blitz May 17 Late 2022"]
[White "Schekachikhin, Maksim"]
[Black "Santos Ruiz, Miguel"]
[WhiteFideId "24177830"]
[BlackFideId "22291482"]
[WhiteElo "2239"]
[BlackElo "2486"]
[Result "0-1"]
[Round "11"]
[TimeControl "180+1"]
[Date "2022.05.17"]
[WhiteClock "0:00:27"]
[BlackClock "0:01:19"]

1. Nf3 b6 2. g3 Bb7 3. Bg2 g6 4. O-O Bg7 5. d4 Nf6 6. c4 O-O 7. Nc3 Ne4 8. Nxe4 Bxe4 9. Bf4 e6 10. Qd2 Re8 11. Rfd1 d6 12. Rac1 Nd7 13. Bf1 Bxf3 14. exf3 e5 15. dxe5 Nxe5 16. Bg2 Qf6 17. b3 h6 18. Qd5 g5 19. Be3 Rad8 20. f4 gxf4 21. Bxf4 Ng6 22. Be3 Re5 23. Qd2 Re7 24. Bxh6 Rde8 25. Be3 Rxe3 26. fxe3 Bh6 27. Re1 Qe5 28. Kh1 Re6 29. Qd5 Qf6 30. Rcd1 Re5 31. Qd3 Rh5 32. Rf1 Qg7 33. Bd5 Ne5 34. Qe2 Rg5 35. Rf2 c6 36. Bg2 Qg6 37. Qc2 Qe6 38. Qe4 Ng4 39. Re2 Re5 40. Qxc6 Rxe3 41. Rxe3 Nf2+ 42. Kg1 Qxe3 43. Rf1 Nh3+ 44. Kh1 Qg1+ 45. Rxg1 Nf2# 0-1


[Site "https://www.chess.com"]

[Event "Titled Tuesday Blitz May 17 Late 2022"]
[White "Shuvalova, Polina"]
[Black "Kozak, Adam"]
[WhiteFideId "24171760"]
[BlackFideId "753246"]
[WhiteElo "2355"]
[BlackElo "2459"]
[Result "1-0"]
[Round "11"]
[TimeControl "180+1"]
[Date "2022.05.17"]
[WhiteClock "0:00:05"]
[BlackClock "0:00:05"]

1. e4 e5 2. Nf3 d6 3. d4 exd4 4. Qxd4 Nc6 5. Bb5 Bd7 6. Qe3 a6 7. Bxc6 Bxc6 8. Nc3 Ne7 9. b3 Ng6 10. Bb2 Be7 11. h4 h6 12. O-O-O Bf6 13. Kb1 O-O 14. h5 Ne5 15. Nxe5 Bxe5 16. f4 Bxc3 17. Qxc3 f6 18. e5 fxe5 19. fxe5 d5 20. e6 Qe7 21. Rh3 Rad8 22. a4 Rf4 23. Rd4 Rf1+ 24. Ka2 Qxe6 25. Rg3 Rf7 26. Rdg4 d4 27. Rxd4 Rxd4 28. Qxd4 Qd7 29. Qe5 Qe7 30. Qc3 Kh7 31. Qd3+ Be4 32. Qc3 Bf5 33. Re3 Qg5 34. Rg3 Qe7 35. Qd2 c5 36. Qc3 b5 37. Re3 Qc7 38. Re5 b4 39. Qxc5 Bxc2 40. Qxc7 Rxc7 41. Rd5 Re7 42. Rd2 Be4 43. g3 Bf3 44. Rd4 a5 45. Rf4 Be4 46. g4 Bc2 47. Rf3 Re2 48. Rg3 Re7 49. g5 Bd1 50. g6+ Kg8 51. Rd3 Re8 52. Rxd1 Kf8 53. Rd5 Ra8 54. Rf5+ Ke7 55. Rf7+ Ke6 56. Rxg7 Ra7 57. Rxa7 Kf5 58. g7 Kg4 59. g8=Q+ Kxh5 60. Rxa5+ Kh4 61. Bf6+ Kh3 62. Rh5# 1-0


[Site "https://www.chess.com"]

[Event "Titled Tuesday Blitz May 17 Late 2022"]
[White "Sjugirov, Sanan"]
[Black "Kobo, Ori"]
[WhiteFideId "4189302"]
[BlackFideId "2812320"]
[WhiteElo "2602"]
[BlackElo "2420"]
[Result "1-0"]
[Round "11"]
[TimeControl "180+1"]
[Date "2022.05.17"]
[WhiteClock "0:00:13"]
[BlackClock "0:00:03"]

1. e4 c5 2. Nc3 Nc6 3. Nge2 d6 4. d4 cxd4 5. Nxd4 Nf6 6. Bg5 e6 7. Qd2 a6 8. O-O-O Bd7 9. f4 Be7 10. Nf3 b5 11. Bxf6 gxf6 12. Bd3 Qb6 13. Kb1 O-O-O 14. f5 h5 15. Ne2 Kb8 16. Nf4 Ne5 17. Rhf1 Rdg8 18. Be2 Ng4 19. fxe6 fxe6 20. Nd4 e5 21. Nd5 Qxd4 22. Qa5 Bd8 23. Qxa6 Qc5 24. Rf3 Bc8 25. Qxb5+ Qxb5 26. Bxb5 Rh7 27. h3 Nh6 28. Bf1 f5 29. Nc3 Bc7 30. exf5 Bxf5 31. Nb5 Be6 32. Rf6 Re8 33. Nxd6 Rd7 34. Bb5 Bxd6 35. Bxd7 Bxd7 36. Rdxd6 Ng8 37. Rf7 Bc8 38. Rb6+ Ka8 39. Rf3 Bb7 40. Ra3+ Kb8 41. Rab3 Re7 42. Rg6 Re8 43. Rbg3 Ne7 44. Re6 Bd5 45. Rxe5 Kc8 46. Rge3 Kd7 47. Rxh5 Bxg2 48. Rh7 Bc6 49. b3 Kd6 50. Kb2 Bd5 51. Rh6+ Kd7 52. Rh5 Bf7 53. Rhe5 Bg6 54. h4 Kd6 55. Re6+ Kd7 56. R6e5 Bf7 57. h5 Kd6 58. h6 Bg8 59. a4 Bh7 60. a5 Rc8 61. Re6+ Kd5 62. R3e5+ Kd4 63. Rxe7 Rxc2+ 64. Ka3 1-0


[Site "https://www.chess.com"]

[Event "Titled Tuesday Blitz May 17 Late 2022"]
[White "Suleymanli, Aydin"]
[Black "Svane, Rasmus"]
[WhiteFideId "13413937"]
[BlackFideId "4657101"]
[WhiteElo "2481"]
[BlackElo "2674"]
[Result "1-0"]
[Round "11"]
[TimeControl "180+1"]
[Date "2022.05.17"]
[WhiteClock "0:00:05"]
[BlackClock "0:00:08"]

1. d4 Nf6 2. Nc3 d5 3. Bf4 c5 4. e3 cxd4 5. exd4 a6 6. Nf3 Nc6 7. Ne5 Bd7 8. g4 e6 9. g5 Nxe5 10. Bxe5 Ne4 11. Nxe4 dxe4 12. Qg4 Qa5+ 13. c3 Rc8 14. Bg2 Bb5 15. d5 Ba3 16. dxe6 Bxb2 17. exf7+ Kxf7 18. Qf5+ Ke7 19. Qxe4 Bc6 20. Bf6+ Kf7 21. Qe7+ Kg6 22. Qxg7+ Kf5 23. Bh3+ Kf4 24. O-O Qd5 25. f3 Bxa1 26. Qh6 Qc5+ 27. Rf2 Ke3 28. g6+ Kd3 29. Bf1# 1-0


[Site "https://www.chess.com"]

[Event "Titled Tuesday Blitz May 17 Late 2022"]
[White "Tanenbaum, Zachary"]
[Black "Yuan, Qingyu"]
[WhiteFideId "2060850"]
[BlackFideId "8609772"]
[WhiteElo "2168"]
[BlackElo "2359"]
[Result "1-0"]
[Round "11"]
[TimeControl "180+1"]
[Date "2022.05.17"]
[WhiteClock "0:00:09"]
[BlackClock "0:00:04"]

1. e4 c6 2. d4 d5 3. exd5 cxd5 4. Bd3 Nc6 5. c3 Nf6 6. Bf4 Bg4 7. Qb3 Qd7 8. Nd2 e6 9. Ngf3 Bd6 10. Bxd6 Qxd6 11. O-O O-O 12. Rfe1 Bxf3 13. Nxf3 Qc7 14. Qc2 Rfc8 15. Qd2 a6 16. a4 Na5 17. Qc2 g6 18. Ne5 Nc6 19. f4 Nxd4 20. Qf2 Nb3 21. Rad1 Qc5 22. Re3 b5 23. axb5 axb5 24. Rde1 Ra2 25. g4 d4 26. cxd4 Qxd4 27. Bxg6 hxg6 28. Rxb3 Qd5 29. Rd3 Qc5 30. Rd8+ Kg7 31. Rxc8 Qxc8 32. Qd4 Ra4 33. b4 Kg8 34. Nxg6 fxg6 35. Qxf6 Rxb4 36. Qxg6+ Kf8 37. Qf6+ Kg8 38. Qxe6+ Qxe6 39. Rxe6 Rxf4 40. h3 Rc4 41. Rb6 Rb4 42. Rb7 Rb3 43. Kg2 Kh8 44. h4 Kg8 45. g5 Kh8 46. h5 Kg8 47. h6 Rb4 48. Kg3 Rb1 49. Kg4 Rg1+ 50. Kh5 b4 51. Kg6 Kf8 52. Rb8+ Ke7 53. h7 Rh1 54. h8=Q Rxh8 55. Rxh8 Kd6 56. Rb8 Kc7 57. Rxb4 Kc6 58. Rf4 1-0


[Site "https://www.chess.com"]

[Event "Titled Tuesday Blitz May 17 Late 2022"]
[White "Toncheva, Nadya"]
[Black "Janaszak, Dawid"]
[WhiteFideId "2924056"]
[BlackFideId "1119206"]
[WhiteElo "1888"]
[BlackElo "2199"]
[Result "0-1"]
[Round "11"]
[TimeControl "180+1"]
[Date "2022.05.17"]
[WhiteClock "0:00:01"]
[BlackClock "0:00:03"]

1. e4 c5 2. Nf3 Nc6 3. d4 cxd4 4. Nxd4 g6 5. c4 e5 6. Nc2 Bg7 7. Nc3 Nf6 8. Be2 O-O 9. O-O d6 10. Be3 Be6 11. b3 Qa5 12. Qd2 Rfd8 13. a3 Nd4 14. b4 Nxe2+ 15. Qxe2 Qc7 16. Nd5 Bxd5 17. cxd5 Nxe4 18. Rac1 Qd7 19. f4 Nc3 20. Qf2 Nxd5 21. Bxa7 exf4 22. Bd4 Be5 23. Rce1 Qf5 24. Qf3 Qxc2 25. Qxd5 Bxd4+ 26. Qxd4 Rxa3 27. Qxf4 Rf8 28. Re7 Qb3 29. Qxd6 Ra2 30. Rxb7 Qe3+ 31. Kh1 Raa8 32. Re7 Qa3 33. Qf4 Qa2 34. h3 Rad8 35. b5 Rd2 36. Rg1 Rf2 37. Qc7 Rc2 38. Qb7 Rb2 39. b6 Qb3 40. Rf1 Qxb6 41. Qd5 Qb3 0-1


[Site "https://www.chess.com"]

[Event "Titled Tuesday Blitz May 17 Late 2022"]
[White "Wagner, Dennis"]
[Black "Bok, Benjamin"]
[WhiteFideId "24650684"]
[BlackFideId "1017063"]
[WhiteElo "2355"]
[BlackElo "2658"]
[Result "0-1"]
[Round "11"]
[TimeControl "180+1"]
[Date "2022.05.17"]
[WhiteClock "0:00:04"]
[BlackClock "0:00:07"]

1. e4 c5 2. Nf3 d6 3. Bb5+ Nd7 4. c3 Nf6 5. Bd3 g6 6. O-O Bg7 7. Re1 O-O 8. Bc2 b5 9. d4 Bb7 10. Nbd2 Qc7 11. Nf1 e5 12. d5 c4 13. Ng3 a5 14. h4 h5 15. Bg5 Ba6 16. Qd2 Rfb8 17. Bh6 Qd8 18. Bxg7 Kxg7 19. Ng5 Nc5 20. f4 Ng4 21. fxe5 dxe5 22. Rf1 f6 23. Nh3 b4 24. Nf2 bxc3 25. bxc3 Bc8 26. Nxg4 Bxg4 27. Bd1 Bxd1 28. Raxd1 Nd3 29. Rb1 Rb6 30. Kh2 Rab8 31. Rxb6 Rxb6 32. Qe3 Rb2 33. Qa7+ Kh6 34. Qf7 f5 35. Kh3 Nf4+ 36. Rxf4 exf4 37. Nxf5+ gxf5 38. exf5 Rb6 0-1